 Dungeon Crawl Stone Soup version 0.18-a0-1577-gf591c28 (webtiles) character file.

81700 Duffy the Convoker (level 15, -5/112 HPs)
             Began as a Demonspawn Summoner on Mar 21, 2016.
             Was the Champion of Sif Muna.
             Slain by a battleaxe of venom (19 damage)
             ... on level 1 of the Elven Halls.
             The game lasted 01:28:48 (35706 turns).

Duffy the Convoker (Demonspawn Summoner)           Turns: 35706, Time: 01:28:48

Health: -5/112     AC: 22    Str:  8    XL:     15   Next: 27%
Magic:  31/31      EV: 30    Int: 22    God:    Sif Muna [******]
Gold:   1608       SH:  0    Dex: 23    Spells: 5 memorised, 24 levels left

rFire  . . .     SeeInvis .     b - +9 demon whip (slash)
rCold  . . .     Gourm    .     L - +2 troll leather armour
rNeg   . . .     Faith    .     (no shield)
rPois  .         Spirit   .     r - +0 helmet
rElec  .         Dismiss  .     o - +0 cloak
rCorr  .         Reflect  .     T - +2 pair of gloves {Dex+3}
SustAt .         Harm     .     Z - +1 pair of boots
MR     +....                    D - amulet of magic regeneration
Stlth  +++.......               Y - +5 ring of protection
                                z - +4 ring of evasion

@: agile, repel missiles, somewhat resistant to hostile enchantments, fairly
stealthy
A: hooves 1, iridescent scales 1, powered by death 2, powered by pain 3
a: Channel Energy, Forget Spell, Renounce Religion


You were on level 1 of the Elven Halls.
You worshipped Sif Muna.
Sif Muna was exalted by your worship.
You were not hungry.

You visited 5 branches of the dungeon, and saw 27 of its levels.

You collected 2974 gold pieces.
You spent 1366 gold pieces at shops.


Innate Abilities, Weirdness & Mutations

You have large cloven feet.
You are partially covered in iridescent scales (AC +4).
You regenerate health from kills.
You are powered by pain.


   Skills:
 - Level 8.4 Fighting
 + Level 7.3 Maces & Flails
 - Level 10.0 Dodging
 - Level 1.7 Stealth
 + Level 12.8 Spellcasting
 - Level 16.3 Summonings
 - Level 2.5 Ice Magic
 - Level 2.0 Air Magic
 - Level 8.0 Invocations


You had 24 spell levels left.
You knew the following spells:

 Your Spells              Type           Power        Failure   Level  Hunger
i - Call Imp              Summ           ######..     0%          2    None
j - Summon Lightning Spi  Summ/Air       ######..     1%          4    None
l - Summon Ice Beast      Ice/Summ       ######..     1%          4    None
m - Repel Missiles        Chrm/Air       ###...       10%         2    None
n - Call Canine Familiar  Summ           ######..     1%          3    None

Inventory:

Hand Weapons
 a - a +0 blowgun
 b - a +9 demon whip of slashing (weapon)
Missiles
 k - 559 stones (quivered)
 v - 44 poisoned needles
 y - 7 curare-tipped needles
 U - 3 throwing nets
Armour
 o - a +0 cloak (worn)
 r - a +0 helmet (worn)
 L - a +2 troll leather armour (worn)
 T - a +2 pair of gloves of dexterity (worn)
 Z - a +1 pair of boots (worn)
Magical Staves
 X - an uncursed staff of summoning {!a}
Jewellery
 n - an uncursed ring of fire
 z - a +4 ring of evasion (left hand)
 A - an uncursed ring of protection from cold
 D - an amulet of magic regeneration (around neck)
 Y - a +5 ring of protection (right hand)
Wands
 u - a wand of disintegration (7/24)
 H - a wand of digging (4/24)
 J - a wand of teleportation (4/9)
 S - a wand of flame (18/48)
Scrolls
 d - 2 scrolls of magic mapping
 e - 2 scrolls of vulnerability
 h - 8 scrolls of teleportation
 m - 11 scrolls of remove curse
 p - 6 scrolls of fog
 x - a scroll of summoning
 F - 3 scrolls of immolation
 G - 2 scrolls of fear
 I - a scroll of enchant armour
 K - 4 scrolls of recharging
 V - 5 scrolls of amnesia
 W - a scroll of holy word
Potions
 f - a potion of magic
 g - 3 potions of agility
 i - 4 potions of brilliance
 l - 5 potions of heal wounds
 q - 6 potions of haste
 t - a potion of flight
 w - a potion of berserk rage
 C - 11 potions of curing
 N - 2 potions of cancellation
 O - a potion of might
 P - 2 potions of ambrosia
 R - 3 potions of resistance
Books
 E - a book of Unlife
Comestibles
 c - 18 bread rations
 s - 11 meat rations
 B - 2 beef jerkies
 M - 14 royal jellies

Dungeon Overview and Level Annotations

Branches:
Dungeon (15/15)            Temple (1/1) D:4            Lair (8/8) D:11
  Swamp (0/4) Lair:3       Spider (0/4) Lair:3        Slime (0/6) Lair:6
    Orc (2/2) D:10            Elf (1/3) Orc:2        Vaults (0/5) D:13
 Depths (0/5) D:15

Altars:
Ashenzari
Dithmenos
Elyvilon
Fedhas
Gozag
Kikubaaqudgha
Makhleb
Nemelex Xobeh
Okawaru
Pakellas
Qazlal
Sif Muna
Trog
Vehumet
Xom
Yredelemnul
Zin
The Shining One

Shops:
D:8 !   D:10 *   D:15 *   Orc:2 %[=

Annotations:
D:15 exclusion: Roxanne, Roxanne


Message History

You are too injured to fight recklessly!
You barely miss the battleaxe of venom.
The battleaxe of venom is severely damaged.
You feel sick. The battleaxe of venom hits you!
You are more poisoned.
You barely miss the battleaxe of venom.
The battleaxe of venom is severely damaged.
You feel very sick.
You hit the battleaxe of venom.
The battleaxe of venom is almost destroyed.
You feel sick.
The battleaxe of venom hits you but does no damage.
You are more poisoned.
You closely miss the battleaxe of venom.
The battleaxe of venom is almost destroyed.
You feel very sick. The battleaxe of venom hits you!!
You focus on the pain.
You feel agile all of a sudden.
You hit the battleaxe of venom but do no damage.
The battleaxe of venom is almost destroyed.
You feel very sick.
The battleaxe of venom completely misses you.
You closely miss the battleaxe of venom.
The battleaxe of venom is almost destroyed.
You feel sick.
Drink which item? (? for menu, Esc to quit)
You feel better.
The battleaxe of venom completely misses you.
You closely miss the battleaxe of venom.
The battleaxe of venom is severely damaged.
The battleaxe of venom misses you.
You hit the battleaxe of venom.
The battleaxe of venom is almost destroyed.
The battleaxe of venom hits you!!
You die... ##.......'#### #.# #....PPP....# #.# #..PPPPPPP..# #.# #..PPPPPPP..# #.# #..PPP8PPP..# #.# #..PPPPPPP.># #.# +..PPPPPPP..#

#....PPP....#
##'(@.....'##
##.###...###.##
##.## #####
##.# # ##.##
### ###(####.##
+#.....#'##
.........#
.........#
.........+


You could see a battleaxe of venom.

Action                   |  1- 3 |  4- 6 |  7- 9 | 10-12 | 13-15 || total
-------------------------+-------+-------+-------+-------+-------++-------
Melee: Spear             |   101 |   106 |   273 |   697 |   404 ||  1581
       Demon whip        |       |       |       |       |   583 ||   583
Throw: Javelin           |       |       |       |     2 |       ||     2
       Stone             |       |       |       |     2 |     1 ||     3
 Cast: Summon Small Mamm |    18 |       |       |       |       ||    18
       Call Imp          |    14 |    30 |     7 |     6 |    15 ||    72
       Call Canine Famil |     2 |    14 |    41 |    73 |    74 ||   204
       Summon Ice Beast  |       |       |    70 |   280 |   280 ||   630
       Summon Lightning  |       |       |       |    19 |    55 ||    74
       Repel Missiles    |       |       |       |     4 |     6 ||    10
Invok: Channel Energy    |       |       |       |   212 |   233 ||   445
Evoke: Wand              |       |       |     4 |     4 |    11 ||    19
  Use: Scroll            |       |     5 |    13 |    16 |    21 ||    55
       Potion            |       |     1 |     1 |       |     6 ||     8
 Stab: Sleeping          |     4 |     2 |     2 |     5 |     3 ||    16
       Distracted        |       |     1 |     1 |    16 |    23 ||    41
       Paralysed         |       |       |     9 |     2 |     8 ||    19
  Eat: Chunk             |     5 |     8 |    29 |    72 |    62 ||   176
       Fruit             |       |     2 |     2 |     4 |     1 ||     9
       Beef jerky        |       |       |       |     4 |     1 ||     5
       Royal jelly       |       |       |       |       |     5 ||     5
       Pizza             |       |       |       |       |     2 ||     2

Notes
Turn   | Place    | Note
--------------------------------------------------------------
     0 | D:1      | Duffy the Demonspawn Summoner began the quest for the Orb.
     0 | D:1      | Reached XP level 1. HP: 13/13 MP: 3/3
   698 | D:1      | Gained mutation: You regenerate a little health from kills. [demonic ancestry]
   698 | D:1      | Reached XP level 2. HP: 16/19 MP: 5/5
   953 | D:1      | Learned a level 2 spell: Call Imp
  1257 | D:2      | Found a shadowy altar of Dithmenos.
  1391 | D:2      | Found a shimmering altar of Xom.
  1440 | D:2      | Gained mutation: You are partially covered in iridescent scales (AC +4). [demonic ancestry]
  1440 | D:2      | Reached XP level 3. HP: 24/24 MP: 1/7
  1730 | D:2      | Found an ancient bone altar of Kikubaaqudgha.
  1969 | D:2      | Learned a level 3 spell: Call Canine Familiar
  1974 | D:2      | Noticed Robin
  1997 | D:2      | Reached skill level 3 in Spellcasting
  2013 | D:2      | Killed Robin
  2418 | D:3      | Reached XP level 4. HP: 26/30 MP: 2/8
  2550 | D:3      | Reached skill level 5 in Summonings
  2619 | D:3      | Noticed Evashark's ghost (amateur KoAs)
  2620 | D:3      | Learned a level 4 spell: Summon Ice Beast
  2658 | D:3      | Killed Evashark's ghost
  2658 | D:3      | Reached XP level 5. HP: 32/35 MP: 1/10
  2813 | D:3      | Reached skill level 4 in Spellcasting
  2984 | D:3      | Found a glowing golden altar of the Shining One.
  3170 | D:3      | Found a sparkling altar of Nemelex Xobeh.
  3379 | D:4      | Reached skill level 1 in Ice Magic
  3431 | D:4      | Noticed an ogre
  3462 | D:4      | Killed an ogre
  3462 | D:4      | Reached skill level 6 in Summonings
  3462 | D:4      | Gained mutation: You regenerate health from kills. [demonic ancestry]
  3462 | D:4      | Reached XP level 6. HP: 41/41 MP: 1/12
  3702 | D:4      | Found an iron altar of Okawaru.
  3892 | D:4      | Found a staircase to the Ecumenical Temple.
  3911 | Temple   | Entered the Ecumenical Temple
  4294 | D:4      | Found a shattered altar of Ashenzari.
  4347 | D:4      | Reached skill level 2 in Ice Magic
  4474 | D:5      | Entered Level 5 of the Dungeon
  4474 | D:5      | Noticed a sky beast
  4491 | D:5      | Killed a sky beast
  4491 | D:5      | Gained mutation: You sometimes gain a little power by taking damage. [demonic ancestry]
  4491 | D:5      | Reached XP level 7. HP: 46/46 MP: 3/13
  4702 | D:5      | Noticed Duffy's ghost (novice DDBe)
  5025 | D:4      | Reached skill level 1 in Fighting
  5025 | D:4      | Reached skill level 7 in Summonings
  5290 | D:5      | Reached skill level 2 in Fighting
  5596 | D:5      | Found a shattered altar of Ashenzari.
  5605 | D:5      | Reached skill level 3 in Fighting
  5765 | D:5      | Found a white marble altar of Elyvilon.
  5818 | D:5      | Gained mutation: You sometimes gain power by taking damage. [demonic ancestry]
  5818 | D:5      | Reached XP level 8. HP: 39/58 MP: 3/15
  5907 | D:4      | Learned a level 4 spell: Summon Lightning Spire
  6037 | D:5      | Killed Duffy's ghost
  6037 | D:5      | Reached skill level 5 in Spellcasting
  6037 | D:5      | Reached skill level 8 in Summonings
  6529 | D:6      | Noticed Blork the orc
  6545 | D:6      | Killed Blork the orc
  7008 | D:6      | Reached skill level 6 in Spellcasting
  7197 | D:6      | You fall through a shaft!
  7197 | D:7      | Noticed Duvessa
  7197 | D:7      | Noticed Dowan
  7204 | D:7      | Killed Duvessa
  7212 | D:7      | Killed Dowan
  7494 | D:6      | Reached skill level 9 in Summonings
  7977 | D:7      | Found a basalt altar of Yredelemnul.
  8070 | D:7      | Found a blossoming altar of Fedhas.
  8164 | D:7      | Noticed Prince Ribbit
  8180 | D:7      | Gained mutation: You have large cloven feet. [demonic ancestry]
  8180 | D:7      | Reached XP level 9. HP: 63/63 MP: 4/19
  8188 | D:7      | Killed Prince Ribbit
  8376 | D:7      | Found an oddly glowing altar of Pakellas.
  8376 | D:7      | Noticed an orange crystal statue
  8478 | D:7      | Reached skill level 7 in Spellcasting
  8548 | D:8      | Found Quireakh's Distillery.
  8553 | D:8      | Bought a potion of curing for 39 gold pieces
  8587 | D:8      | Found a bloodstained altar of Trog.
  8817 | D:8      | Noticed Maurice
  8830 | D:8      | Killed Maurice
  8937 | D:8      | Reached skill level 10 in Summonings
  9141 | D:8      | Found a deep blue altar of Sif Muna.
  9149 | D:8      | Became a worshipper of Sif Muna the Loreminder
  9608 | D:8      | Reached * piety under Sif Muna
  9608 | D:8      | Reached skill level 8 in Spellcasting
  9690 | D:8      | Noticed Erolcha
  9695 | D:8      | Killed Erolcha
  9914 | D:8      | Reached skill level 1 in Invocations
 10126 | D:8      | Identified Sif Muna's Catalogue of Malediction (You found it on level 8 of the Dungeon)
 10413 | D:9      | Reached skill level 2 in Invocations
 10645 | D:9      | Reached XP level 10. HP: 70/70 MP: 22/22
 11032 | D:9      | Reached skill level 3 in Invocations
 11410 | D:9      | Reached skill level 2 in Dodging
 11410 | D:9      | Reached skill level 4 in Invocations
 11691 | D:10     | Entered Level 10 of the Dungeon
 11721 | D:10     | Noticed crawlian's ghost (novice DECj)
 11740 | D:9      | Learned a level 2 spell: Repel Missiles
 11793 | D:10     | Found Adaf's General Store.
 11857 | D:10     | Bought a scroll of identify for 24 gold pieces
 11857 | D:10     | Bought a scroll of identify for 24 gold pieces
 12005 | D:10     | Noticed Maud
 12053 | D:10     | Killed Maud
 12053 | D:10     | Reached skill level 5 in Invocations
 12069 | D:10     | Killed crawlian's ghost
 12069 | D:10     | Reached skill level 4 in Fighting
 12069 | D:10     | Reached skill level 3 in Dodging
 12222 | D:10     | Noticed an orc sorcerer
 12235 | D:10     | Noticed an orange demon
 12236 | D:10     | Killed an orc sorcerer
 12325 | D:10     | Found a staircase to the Orcish Mines.
 12786 | D:10     | Reached skill level 9 in Spellcasting
 12975 | D:10     | Reached skill level 4 in Dodging
 13077 | D:10     | Reached skill level 5 in Fighting
 13139 | D:11     | Noticed a brown ugly thing
 13152 | D:11     | Killed a brown ugly thing
 13152 | D:11     | Reached skill level 5 in Dodging
 13473 | D:11     | Noticed a cyclops
 13481 | D:11     | Noticed a hill giant
 13488 | D:11     | Killed a cyclops
 13501 | D:11     | Killed a hill giant
 13501 | D:11     | Reached skill level 6 in Dodging
 13501 | D:11     | Reached XP level 11. HP: 57/79 MP: 6/24
 13685 | D:11     | Found a staircase to the Lair.
 13731 | D:11     | Reached skill level 1 in Air Magic
 14088 | D:11     | Killed an unseen horror
 14088 | D:11     | Reached ** piety under Sif Muna
 14088 | D:11     | Reached skill level 2 in Air Magic
 14230 | Lair:1   | Entered Level 1 of the Lair of Beasts
 14347 | Lair:1   | You fall through a shaft!
 14376 | Lair:2   | Reached skill level 11 in Summonings
 14966 | Lair:1   | Reached *** piety under Sif Muna
 15153 | Lair:1   | Noticed an eight-headed hydra
 15172 | Lair:1   | Killed an eight-headed hydra
 15172 | Lair:1   | Reached skill level 10 in Spellcasting
 16369 | Lair:3   | Found a staircase to the Swamp.
 16429 | Lair:3   | Reached skill level 12 in Summonings
 16928 | Lair:3   | Reached **** piety under Sif Muna
 17279 | Lair:3   | Found a hole to the Spider Nest.
 17330 | Lair:3   | Noticed a seven-headed hydra
 17341 | Lair:3   | Killed a seven-headed hydra
 17627 | Lair:2   | Gained mutation: You are powered by pain. [demonic ancestry]
 17627 | Lair:2   | Reached XP level 12. HP: 79/86 MP: 1/26
 17979 | Lair:2   | Reached skill level 11 in Spellcasting
 18529 | Lair:3   | Reached ***** piety under Sif Muna
 19006 | Lair:4   | Reached skill level 6 in Invocations
 19065 | Lair:4   | Noticed a queen ant
 19075 | Lair:4   | Killed a queen ant
 19186 | Lair:4   | Reached skill level 13 in Summonings
 19227 | Lair:4   | Reached skill level 7 in Invocations
 19572 | Lair:4   | Noticed an eight-headed hydra
 19579 | Lair:4   | Killed an eight-headed hydra
 19579 | Lair:4   | Reached skill level 8 in Invocations
 19715 | Lair:4   | Noticed Sonja
 19724 | Lair:4   | Killed Sonja
 20346 | Lair:5   | Noticed a four-headed hydra
 20353 | Lair:5   | Killed a four-headed hydra
 20529 | Lair:5   | Noticed a six-headed hydra
 20541 | Lair:5   | Killed a six-headed hydra
 21625 | Lair:6   | Noticed Snorg
 21635 | Lair:6   | Killed Snorg
 21781 | Lair:6   | Found a staircase to the Slime Pits.
 21832 | Lair:6   | Reached skill level 14 in Summonings
 21833 | Lair:6   | Reached ****** piety under Sif Muna
 21833 | Lair:6   | Received a gift from Sif Muna
 22160 | Lair:6   | Reached skill level 12 in Spellcasting
 22940 | Lair:7   | Reached XP level 13. HP: 92/92 MP: 29/29
 23150 | Lair:7   | Noticed Nessos
 23183 | Lair:7   | Killed Nessos
 23183 | Lair:7   | Reached skill level 6 in Fighting
 23664 | Lair:8   | Entered Level 8 of the Lair of Beasts
 23867 | Lair:8   | Reached skill level 7 in Dodging
 24054 | Lair:7   | Reached skill level 7 in Fighting
 24811 | Lair:8   | Found a runed door.
 24836 | Lair:8   | Reached skill level 8 in Dodging
 25209 | Lair:8   | Reached skill level 8 in Fighting
 25617 | Lair:8   | Got an encrusted trident
 25689 | Lair:8   | Noticed a fire dragon
 25727 | Lair:8   | Killed a fire dragon
 26256 | Lair:8   | Identified the cursed +1 trident of Desperation {antimagic, rF+ rC++} (You found it on level 8 of the Lair of Beasts)
 26302 | Lair:8   | Reached skill level 9 in Dodging
 26558 | D:12     | Noticed Sagrath01's ghost (journeyman HEFE)
 26673 | D:12     | Killed Sagrath01's ghost
 27387 | Orc:1    | Entered Level 1 of the Orcish Mines
 27390 | Orc:2    | Entered Level 2 of the Orcish Mines
 27477 | Orc:1    | Reached skill level 10 in Dodging
 28490 | Orc:2    | Noticed Donald
 28859 | Orc:1    | Killed Donald
 29088 | Orc:2    | Reached XP level 14. HP: 106/106 MP: 27/30
 29425 | Orc:2    | Found Zeycyrgh's Assorted Antiques.
 29426 | Orc:2    | Found Oplall's Food Boutique.
 29451 | Orc:2    | Found Gowimi's Antique Armour Shoppe.
 29464 | Orc:2    | Found Nisut's Jewellery Shop.
 29545 | Orc:2    | Found a staircase to the Elven Halls.
 29784 | Orc:2    | Bought a +5 ring of protection for 715 gold pieces
 29789 | Orc:2    | Bought a +4 ring of evasion for 468 gold pieces
 30930 | D:11     | Got a faintly glowing scimitar {freeze}
 31019 | D:11     | Identified the +8 scimitar of Agomas {freeze, rF+ Str-3 Int+4} (You took it off a hell knight on level 11 of the Dungeon)
 31748 | D:13     | Reached skill level 1 in Maces & Flails
 31875 | D:13     | Received a gift from Sif Muna
 31936 | D:13     | Reached skill level 2 in Maces & Flails
 31961 | D:13     | Reached skill level 15 in Summonings
 32005 | D:13     | Reached skill level 3 in Maces & Flails
 32063 | D:13     | Found a gate to the Vaults.
 32562 | D:13     | Reached skill level 4 in Maces & Flails
 33533 | D:14     | Reached skill level 5 in Maces & Flails
 33876 | D:15     | Entered Level 15 of the Dungeon
 33876 | D:15     | Noticed Roxanne
 33924 | D:15     | Noticed Urug
 33945 | D:15     | Killed Urug
 34310 | D:15     | Reached skill level 6 in Maces & Flails
 34310 | D:15     | Reached XP level 15. HP: 112/112 MP: 31/31
 34338 | D:15     | Found Xumpasev's General Store.
 34401 | D:15     | Reached skill level 16 in Summonings
 34514 | D:15     | Found a staircase to the Depths.
 35206 | D:10     | Bought a potion of cancellation for 96 gold pieces
 35324 | Elf:1    | Entered Level 1 of the Elven Halls
 35338 | Elf:1    | Reached skill level 7 in Maces & Flails
 35706 | Elf:1    | Slain by a battleaxe of venom

Vault maps used:
D:1:      nagdon_arrival_double_spiral
D:2:      kennysheep_goblin_castle, xom_teletrap_fun, grunt_dithmenos_smoke,
          kiku_gazebo_pond_becter, nicolae_overflow_hidden_temple
D:3:      nemelex_xobeh_ov_fountains_minmay, tso_metal_star
D:4:      okawaru_ov_weapons_minmay, lemuel_coloured_pillars_altar, first_bread,
          serial_bayou, serial_bayou_crossing, serial_bayou_shore_b,
          serial_bayou_pond_e, serial_bayou_pond_b
D:5:      elyvilon_altar_5, basic_altar
D:6:      uniq_blork_the_orc
D:7:      yredelemnul_altar_generic, gammafunk_pakellas_statue_experiment,
          overflow_temple_1_default, the_bakery, uniq_prince_ribbit1,
          uniq_duvessa
D:8:      led_sif_book, serial_shops, kennysheep_little_box,
          trog_ov_bears_minmay, uniq_maurice, uniq_erolcha
D:10:     zombieorc2_lemuel, serial_shops, shop, lightli_wizard_tower, uniq_maud
D:11:     minmay_lair_entry_lava, minmay_rotating_lava
D:12:     minmay_curly_fans
D:13:     lightli_vaults_fourway_checkpoint
D:14:     grunt_decor_arrowhead, minmay_hedge_maze
D:15:     hangedman_depths_entry_civil_slaughter, serial_shops, shop, uniq_urug,
          uniq_roxanne
Temple:   hc_temple_tempest_star_small
Lair:1:   beast_lair_carwin_large_1, minmay_holes, wad_woods_road_01,
          infiniplex_staircase_pool, grunt_megastairs_5
Lair:2:   special_room
Lair:3:   nicolae_swamp_entry_splash_gauntlet, spider_nest_entry_rubble,
          minivault_27
Lair:4:   minivault_29, infiniplex_staircase_pool_2, uniq_sonja
Lair:5:   kennysheep_abandoned_house
Lair:6:   slime_dummy, uniq_snorg
Lair:7:   boulder_quad_collide, uniq_nessos
Lair:8:   guppyfry_lair_end_dragon, wormcave, grunt_megastairs_1
Orc:2:    st_orc_open, uniq_donald
Elf:1:    elf_arrival_002, serial_glass, glass_columns_c, glass_columns_a,
          hangedman_elf_represent

Vanquished Creatures
  Donald Maud Nessos
  An ettin Snorg
  A fire dragon
  4 vault guards
  An ice dragon
  The ghost of Sagrath01 the Arsonist, a journeyman HEFE of Vehumet
  14 hydras
  A catoblepas
  4 centaur warriors Erolcha
  4 ogre magi
  A queen ant
  2 dancing weapons
  5 death yaks
  2 tengu warriors Urug
  6 hell knights
  A deep elf knight Sonja
  2 deep trolls
  4 unseen horrors
  6 hill giants
  2 lindwurms
  A deep elf archer
  A griffon
  2 necromancers
  15 ugly things
  3 orc sorcerers
  2 manticores
  The ghost of crawlian the Destroyer, a novice DECj of Sif Muna
  5 deep elf magi
  5 cyclopes
  6 elephants
  A moth of wrath (shapeshifter)
  Maurice
  The ghost of Duffy the Carver, a novice DDBe of Trog
  2 black mambas
  2 gargoyles
  5 torpor snails
  An efreet
  A molten gargoyle
  15 spiny frogs
  A rime drake
  2 centaur skeletons
  8 komodo dragons
  2 freezing wraiths
  2 tengu conjurers
  5 giant leeches
  12 trolls
  A queen bee
  4 polar bears
  4 slime creatures
  8 two-headed ogres Prince Ribbit
  A boulder beetle (shapeshifter)
  15 blink frogs
  A vampire
  2 shadows
  6 basilisks
  2 wraiths
  39 yaks
  A spriggan
  7 wyverns
  A tarantella
  5 steam dragons
  A fire elemental
  3 hungry ghosts
  13 hippogriffs
  7 vampire mosquitoes
  2 mottled dragons
  The ghost of Evashark the Sneak, an amateur KoAs
  18 water moccasins
  6 swamp worms
  20 soldier ants Duvessa
  13 porcupines
  9 hell hounds
  24 orc warriors
  5 sky beasts
  3 phantoms
  2 swamp drakes
  4 wasps
  3 ice beasts
  4 eyes of draining
  36 ogres
  14 black bears
  4 boggarts
  3 necrophages
  6 wolves
  12 centaurs
  17 crocodiles Blork the orc
  2 big kobolds
  25 giant frogs Dowan
  3 jellies
  4 scorpions
  2 troll zombies
  37 killer bees
  13 wights
  5 howler monkeys
  2 electric eels
  6 crimson imps
  2 giant frog zombies
  5 centaur zombies
  2 quasits
  11 hounds
  15 orc priests
  2 giant frog skeletons
  15 iguanas
  24 orc wizards
  3 hell rats
  22 worker ants
  6 ogre zombies
  37 sheep
  A hound skeleton
  A hound zombie
  A worker ant zombie Robin
  A howler monkey skeleton
  3 gnolls
  34 river rats
  9 adders
  6 shadow imps
  An ooze
  2 adder skeletons
  2 adder zombies
  3 dart slugs
  19 worms
  9 giant geckos
  95 orcs
  4 giant cockroaches
  20 goblins
  7 hobgoblins
  14 jackals
  7 quokkas
  2 ball pythons
  5 bats
  A giant cockroach zombie
  3 giant gecko zombies
  4 giant newts
  A goblin skeleton
  5 goblin zombies
  3 hobgoblin skeletons
  3 hobgoblin zombies
  15 kobolds
  3 orc skeletons
  10 orc zombies
  2 quokka skeletons
  16 rats
  A fire vortex
  11 fungi
  18 plants
1088 creatures vanquished.
